 Dungeon Crawl Stone Soup version 0.29-a0-330-g52719c12eb (webtiles) character file.

Game seed: 3987766767135220447

1480 sking99 the Charlatan (level 8, 46/61 HPs)
             Began as a Demonspawn Artificer on May 18, 2022.
             Was a Believer of Uskayaw.
             Quit the game on level 6 of the Dungeon.
             The game lasted 00:16:21 (5915 turns).

sking99 the Charlatan (Demonspawn Artificer)        Turns: 5915, Time: 00:16:22

Health: 46/61      AC: 12    Str: 16    XL:     8   Next: 50%
Magic:  6/9        EV:  8    Int: 12    God:    Uskayaw [**....]
Gold:   286        SH:  4    Dex: 13    Spells: 7/7 levels left

rFire   . . .      SeeInvis .   a - +0 war axe
rCold   + . .      Faith    .   (no shield)
rNeg    . . .      Spirit   +   A - +0 chain mail
rPois   .          Reflect  .   (no helmet)
rElec   .          Harm     .   g - +0 cloak
rCorr   .          Rampage  .   h - +1 pair of gloves
Will    .....                   (no boots)
Stlth   ..........              l - amulet of guardian spirit
HPRegen 0.20/turn               i - ring of protection from cold
MPRegen 0.11/turn               n - +4 ring of slaying

@: no status effects
A: large bone plates 1, spiny 1, weakness stinger 2
a: Renounce Religion, Stomp, Line Pass


You were on level 6 of the Dungeon.
You worshipped Uskayaw.
Uskayaw was noncommittal.
You visited 2 branches of the dungeon, and saw 7 of its levels.

You collected 413 gold pieces.
You spent 127 gold pieces at shops.

Inventory:

Hand Weapons
 a - a +0 war axe (weapon)
 b - a +0 hunting sling
Armour
 g - a +0 cloak (worn)
 h - a +1 pair of gloves (worn)
 A - a +0 chain mail (worn)
Jewellery
 i - a ring of protection from cold (left hand)
 j - a ring of ice
 l - an amulet of guardian spirit (around neck)
 n - a +4 ring of slaying (right hand)
 z - a ring of positive energy
Wands
 c - a wand of flame (18) (quivered)
 d - a wand of charming (12)
 e - a wand of iceblast (5)
 v - a wand of polymorph (7)
Scrolls
 f - 3 scrolls of amnesia
 w - 2 scrolls of fog
 x - a scroll of brand weapon {unknown}
 y - a scroll of blinking
Potions
 k - 6 potions of curing
 m - 4 potions of lignification
 o - a potion of mutation {unknown}
 p - a potion of magic {unknown}
 r - a potion of haste {unknown}
 s - a potion of brilliance
 t - a potion of ambrosia
 u - 4 potions of attraction
 B - a potion of flight {unknown}
 C - 2 potions of heal wounds


   Skills:
 - Level 4.4 Fighting
 + Level 1.5(2.2) Axes
 * Level 2.2(2.5) Maces & Flails
 + Level 3.8 Slings
 - Level 2.3 Armour
 - Level 4.0 Dodging
 - Level 0.8 Stealth
 + Level 2.0 Invocations
 - Level 6.5 Evocations


You had 7 spell levels left.
You didn't know any spells.
Your spell library contained the following spells:

 Spells                   Type           Power      Damage    Failure   Level
 Portal Projectile        Hex/Tloc       0%         N/A       100%        3
 Blade Hands              Tmut           0%         N/A       100%        5
 Excruciating Wounds      Necr           0%         N/A       100%        5
 Summon Forest            Summ/Tloc      0%         N/A       100%        5
 Summon Mana Viper        Hex/Summ       0%         N/A       100%        5
 Summon Cactus Giant      Summ           0%         N/A       100%        6


Dungeon Overview and Level Annotations

Branches:
Dungeon (6/15)             Temple (1/1) D:6

Altars:
Cheibriados
Dithmenos
Elyvilon
Fedhas
Hepliaklqana
Kikubaaqudgha
Makhleb
Okawaru
Qazlal
Ru
Uskayaw
Wu Jian
Xom
Yredelemnul
Zin
The Shining One

Shops:
D:2 !   D:3 ?


Innate Abilities, Weirdness & Mutations

You are partially covered in large bone plates. (SH +4)
You are partially covered in sharp spines.
You have a tail ending in a sharp stinger.


Message History

The sky beast hits you but does no damage.
The sky beast closely misses you.
You can now pass through a line of other dancers.
You slash the sky beast!
You kill the sky beast!
Your Maces & Flails skill increases to level 2!
You miss something.
Your tail-slap misses something.
You hear some strange, mumbled words.
You are confused.
You hear some strange, mumbled words.
A puff of flame appears from out of thin air!
The puff of flame hits you!
You miss something. Something hits you but does no damage.
Something hits you but does no damage.
You're too confused to move!
Something hits you but does no damage.
You can no longer pass through a line of other dancers.
You completely miss something.
Your tail-slap misses something.
Something hits you but does no damage.
You slash something!
You hear some strange, mumbled words.
A puff of flame appears from out of thin air!
The puff of flame hits you! Something hits you.
You bump into the rock wall.
You feel less confused.
You hit the orc.
The orc is lightly wounded.
You miss something.
Reactivating autopickup.
You feel a bit more experienced.
You can now pass through a line of other dancers.
Your Invocations skill increases to level 2!
You block the orc's attack. The orc hits you but does no damage.
You hit the orc. You tail-slap the orc.
You kill the orc!
You hit the orc. The orc is struck by your spines.
You kill the orc!
The orc is struck by your spines. The orc hits you with a +0 morningstar.
You slash the orc!
You kill the orc!
Are you sure you want to abandon this character and quit the game? (Confirm with "yes".)

... ... #.# #..
#.# #.# #.# #.#
#.# #.# #.# #.#
...# #####.# #)#
...# #.....#####@#
...# #.###......)#
...# #.# #.#######
#..###.# #.#
#..##).# #.#
#..#.#.###.#######
.)..###...........
#..#.#............
#[.....###########


There were no monsters in sight!

Vanquished Creatures
  Grinder (D:4)
  A meliai (D:4)
  A water moccasin (D:5)
  A sky beast (D:6)
  An ogre (D:5)
  A centaur (D:6)
  A scorpion (D:5)
  3 jellies (D:4)
  4 orc priests
  2 hounds
  5 orc wizards
  An iguana (D:4)
  Robin (D:4)
  8 adders
  2 white imps
  An ufetubus (D:5)
  3 worms
  17 orcs
  13 endoplasms
  4 giant cockroaches
  16 goblins
  6 hobgoblins
  12 kobolds
  3 quokkas
  6 ball pythons
  8 bats
  A frilled lizard (D:3)
  3 rats (D:2)
126 creatures vanquished.

Vanquished Creatures (others)
  An orc wizard (D:5)
  A rat (D:3)
  3 fungi (D:4)
  14 toadstools (D:4)
19 creatures vanquished.

Grand Total: 145 creatures vanquished

Notes
Turn   | Place    | Note
-------+----------+-------------------------------------------
     0 | D:1      | sking99 the Demonspawn Artificer began the quest for the
                  | Orb.
     0 | D:1      | Reached XP level 1. HP: 15/15 MP: 1/1
    67 | D:1      | Reached skill level 1 in Dodging
   451 | D:1      | Gained mutation: You are partially covered in sharp spines.
                  | [demonic ancestry]
   451 | D:1      | Reached XP level 2. HP: 18/21 MP: 2/2
   957 | D:2      | Found a faded altar of an unknown god.
  1177 | D:2      | Gained mutation: You are partially covered in large bone
                  | plates. (SH +4) [demonic ancestry]
  1177 | D:2      | Reached XP level 3. HP: 26/26 MP: 3/3
  1346 | D:2      | Found Anijufic's Distillery.
  1358 | D:2      | Bought a potion of curing for 30 gold pieces
  2036 | D:3      | Reached skill level 4 in Evocations
  2036 | D:3      | Gained mutation: You have a small tail. [demonic ancestry]
  2036 | D:3      | Reached XP level 4. HP: 33/33 MP: 4/4
  2141 | D:3      | Found Jerghil's Magic Scroll Boutique.
  2154 | D:3      | Bought a scroll of blinking for 97 gold pieces
  2305 | D:3      | Reached XP level 5. HP: 30/39 MP: 5/5
  2856 | D:4      | Noticed Grinder
  2860 | D:4      | Paralysed by Grinder for 7 turns
  3183 | D:4      | Reached skill level 1 in Slings
  3241 | D:4      | Noticed Pikel
  3241 | D:4      | Noticed a lemure
  3270 | D:4      | Noticed Pikel
  3270 | D:4      | Pikel changed into Pikel the meliai
  3279 | D:4      | Killed Pikel the meliai
  3280 | D:4      | Reached skill level 5 in Evocations
  3280 | D:4      | Reached XP level 6. HP: 17/47 MP: 1/6
  3685 | D:4      | Paralysed by something for 7 turns
  3840 | D:4      | Reached XP level 7. HP: 40/52 MP: 7/7
  3995 | D:4      | Noticed Robin
  4005 | D:4      | Killed Robin
  4033 | D:4      | Killed Grinder
  4408 | D:5      | Entered Level 5 of the Dungeon
  4427 | D:5      | Reached skill level 6 in Evocations
  4531 | D:5      | Gained mutation: You have a tail ending in a sharp stinger.
                  | [demonic ancestry]
  4531 | D:5      | Reached XP level 8. HP: 61/61 MP: 8/8
  5363 | D:6      | Found a staircase to the Ecumenical Temple.
  5375 | Temple   | Entered the Ecumenical Temple
  5476 | Temple   | Became a worshipper of Uskayaw the Reveller
  5543 | D:6      | Reached * piety under Uskayaw
  5546 | D:6      | Reached skill level 1 in Maces & Flails
  5656 | D:6      | Reached ** piety under Uskayaw
  5661 | D:6      | Reached *** piety under Uskayaw
  5665 | D:6      | Reached skill level 1 in Invocations
  5674 | D:6      | Reached skill level 1 in Axes
  5719 | D:6      | Reached **** piety under Uskayaw
  5915 | D:6      | Quit the game

Illustrated notes

Levels and vault maps discovered:
D:1:      dpeg_arrival_tiny_b, layout_rooms
D:2:      cheibrodos_helix_gallery, layout_basic,
          hellmonk_ecumenical_altar_lost_god, serial_corexii_hall,
          corexii_hall_statues_i, corexii_hall_statues_t,
          corexii_hall_statues_t, chequers_hall_statues_y,
          corexii_hall_statues_i, chequers_hall_statues_wall_a, serial_shops,
          nicolae_shop_crystal, minmay_misc_feat_room, st_stairs_13,
          nrook_loot_triangle
D:3:      layout_rooms, serial_shops, shop
D:4:      cheibrodos_fertilizer, layout_basic, uniq_robin, uniq_grinder,
          uniq_pikel
D:5:      layout_gridville
D:6:      layout_loops_ring, temple_pool_b, serial_shops, shop
Temple:   lightli_temple_of_artemis

Skill      XL: |  1  2  3  4  5  6  7  8 |
---------------+-------------------------+-----
Dodging        | 1 2 3 4 |  4.0
Armour         | 2 |  2.3
Fighting       | 2 3 4 |  4.4
Evocations     | 4 5 6 |  6.5
Slings         | 1 2 3 |  3.8
Maces & Flails | 2 |  2.2
Invocations    | 2 |  2.0
Axes           | 1 |  1.5
Stealth        | |  0.8

Action                   |  1- 3 |  4- 6 |  7- 9 || total
-------------------------+-------+-------+-------++-------
Melee: Dagger            |   126 |    72 |       ||   198
       Punch             |     1 |     1 |     1 ||     3
       Tailslap          |       |    12 |    13 ||    25
       Whip              |       |    47 |    48 ||    95
       War axe           |       |       |    42 ||    42
 Fire: Hunting sling     |     2 |    27 |    12 ||    41
Evoke: Wand              |     8 |     7 |     8 ||    23
  Use: Scroll            |       |     7 |     5 ||    12
       Potion            |       |     2 |       ||     2
 Stab: Paralysed         |       |       |     1 ||     1
Armor: Leather armour    |    37 |       |       ||    37
       Ring mail         |    21 |    12 |       ||    33
       Skin              |       |    24 |       ||    24
       Chain mail        |       |    32 |    50 ||    82
Dodge: Dodged            |    71 |    33 |    28 ||   132
Block: Other             |     4 |    12 |    18 ||    34

Table legend: (Time is in decaauts)
 A = Elapsed time spent in this place.
 B = Non-inter-level travel time spent in this place.
 C = Inter-level travel time spent in this place.
 D = Time resting spent in this place.
 E = Time spent auto-exploring this place.
 F = Levels seen in this place.
 G = Mean time per level.
                   A        B        C        D        E       F      G
               +--------+--------+--------+--------+--------+-----+--------+
         Total |   5966 |   5746 |    220 |   1387 |   2948 |   7 |  852.3 |
       Dungeon |   5847 |   5643 |    204 |   1387 |   2868 |   6 |  974.5 |
        Temple |    118 |    102 |     16 |      0 |     80 |   1 |  118.0 |
               +--------+--------+--------+--------+--------+-----+--------+

Top non-repeatable levels by time:
     D:4: 1581 daAuts
     D:2: 1218 daAuts
     D:5: 922 daAuts
     D:1: 838 daAuts
     D:3: 791 daAuts
     D:6: 496 daAuts
  Temple: 118 daAuts
